Map: Submarine LE

Players

soul

  • Race: Terran Terran
  • League: Master
  • Spawn Location: 5:00

ShoWTimE - Winner!

  • Race: Protoss Protoss
  • Spawn Location: 11:00

Event: StayAtHomestory Cup #2

VOD

Have the link to the VOD?

Description

Time

  • Played on: June 11, 2020, 3:55 p.m.
  • Length: 8:08

All games in this series

Show
View Real Time Build Order
Export as new Build Order

soul Terran 

Build Orders:  

Get SALT Encoding   

  12  0:00  SCV  
  13  0:13  SCV  
  14  0:17  Supply Depot  
  14  0:25  SCV  
  15  0:38  SCV  
  15  0:40  Barracks  
  16  0:44  Refinery  
  16  0:50  SCV  
  17  1:02  SCV  
  18  1:14  SCV  
  19  1:26  Marine  
  19  1:27  Orbital Command  
  20  1:44  Command Center  
  20  1:45  Reaper  
  21  1:52  SCV  
  22  1:54  Supply Depot  
  22  2:01  Bunker  
  22  2:05  SCV  
  23  2:14  Factory  
  23  2:20  SCV  
  24  2:23  Barracks Reactor  
  24  2:28  Refinery  
  24  2:32  SCV  
  25  2:44  SCV  
  26  2:57  Starport  
  26  3:03  SCV  
  26  3:04  Orbital Command  
  27  3:08  Hellion x2  
  31  3:15  SCV  
  31  3:17  Barracks  
  32  3:28  SCV  
  32  3:29  Hellion x2  
  32  3:31  SCV  
  38  3:36  Medivac  
  38  3:37  Barracks Tech Lab  
  40  3:43  Supply Depot  
  40  3:44  SCV  
  40  3:46  SCV  
  42  3:52  Barracks  
  42  3:56  SCV  
  42  3:58  SCV  
  44  4:06  Marauder  
  44  4:08  SCV  
  47  4:10  SCV  
  47  4:15  Supply Depot  
  48  4:20  SCV  
  48  4:23  SCV  
  50  4:28  Marauder  
  50  4:31  Marine  
  50  4:32  SCV  
  50  4:35  SCV  
  50  4:36  Marine  
  50  4:38  Factory Reactor  
  46  4:42  Bunker  
  46  4:44  SCV  
  47  4:45  Bunker  
  47  4:47  SCV  
  47  4:49  Marauder  
  47  4:51  Marine  
  50  4:54  Marine  
  50  4:56  SCV, Marine  
  50  4:59  Supply Depot  
  54  5:00  SCV  
  54  5:09  Marine  
  54  5:11  Marine  
  54  5:12  Marauder  
  54  5:14  Marine, Bunker  
  58  5:15  Widow Mine  
  63  5:24  Engineering Bay  
  63  5:25  Supply Depot  
  63  5:26  Supply Depot  
  63  5:27  Marine  
  64  5:29  SCV x2  
  64  5:33  Marine  
  64  5:36  Medivac  
  64  5:40  Marine  
  64  5:41  SCV x2  
  64  5:42  Barracks Tech Lab  
  65  5:45  Marine  
  66  5:50  Factory Tech Lab  
  66  5:53  SCV  
  66  5:54  SCV  
  63  5:57  Marine  
  63  6:01  Stimpack  
  63  6:02  Marauder  
  63  6:03  Marine, Barracks Tech Lab  
  67  6:05  SCV, Command Center  
  67  6:06  SCV  
  67  6:08  Siege Tank  
  67  6:09  Medivac  
  74  6:13  Refinery  
  74  6:15  Marine, Refinery  
  74  6:18  SCV x2  
  76  6:20  Marine  
  76  6:21  Combat Shield  
  76  6:23  Marauder  
  80  6:30  SCV  
  77  6:33  Marine  
  77  6:34  Marauder  
  77  6:38  Marine  
  71  6:45  Marauder  
  67  6:55  Marauder  
  67  6:56  SCV  
  67  7:00  SCV  
  71  7:06  Marauder  
  67  7:09  SCV  
  67  7:12  SCV  
  63  7:17  Barracks, Marauder  
  63  7:19  Barracks  
  63  7:21  SCV  
  60  7:24  SCV  
  60  7:27  Marauder  
  60  7:28  Siege Tank  
  60  7:37  Marine  
  60  7:39  SCV  
  61  7:55  Bunker  
  61  7:57  Barracks  
Show
View Real Time Build Order
Export as new Build Order

ShoWTimE Protoss - Winner!

Build Orders: 1 Gate Expand, Blink Stalkers 

Get SALT Encoding   

  12  0:00  Probe  
  13  0:12  Probe  
  14  0:16  Pylon  
  14  0:24  Probe  
  15  0:32  Probe  
  15  0:36  Gateway  
  15  0:40  Probe  
  16  0:45  Assimilator  
  17  0:51  Probe  
  18  1:03  Probe  
  19  1:15  Probe  
  20  1:23  Cybernetics Core  
  20  1:32  Nexus  
  20  1:38  Pylon  
  20  1:41  Probe  
  21  1:49  Adept, Assimilator  
  21  1:53  Probe  
  22  2:00  Warp Gate  
  24  2:05  Probe  
  25  2:11  Stalker  
  25  2:17  Probe  
  28  2:29  Probe  
  28  2:34  Twilight Council  
  28  2:41  Probe  
  29  2:45  Probe  
  30  2:53  Probe  
  30  2:56  Robotics Facility  
  30  2:57  Probe  
  32  2:59  Blink  
  33  3:05  Probe  
  33  3:09  Probe  
  33  3:12  Gateway  
  34  3:17  Probe  
  35  3:21  Probe  
  35  3:27  Gateway  
  36  3:33  Probe  
  37  3:35  Gateway  
  37  3:37  Probe  
  37  3:40  Observer  
  38  3:45  Pylon  
  39  3:49  Stalker  
  39  3:50  Probe  
  39  3:52  Probe  
  43  3:56  Assimilator  
  43  4:03  Warp Prism  
  43  4:07  Probe  
  47  4:13  Pylon  
  47  4:20  Stalker x2  
  47  4:22  Probe  
  49  4:28  Probe  
  45  4:34  Probe  
  44  4:38  Stalker  
  44  4:41  Probe  
  44  4:44  Probe  
  47  4:49  Pylon  
  47  4:52  Probe  
  48  4:53  Probe  
  48  4:56  Observer  
  51  5:01  Probe  
  51  5:05  Probe  
  53  5:11  Stalker x2  
  53  5:13  Stalker  
  59  5:17  Stalker  
  59  5:20  Probe  
  62  5:21  Probe  
  63  5:39  Stalker x3  
  69  5:44  Probe, Assimilator, Pylon  
  69  5:48  Probe  
  69  5:56  Probe  
  71  6:05  Stalker x3  
  71  6:10  Stalker  
  78  6:18  Pylon  
  78  6:31  Probe x2  
  78  6:33  Pylon  
  78  6:35  Zealot  
  78  6:38  Zealot x2  
  78  6:43  Probe  
  69  6:56  Stalker  
  69  6:57  Stalker  
  69  6:59  Stalker x2  
  69  7:01  Probe  
  76  7:03  Probe  
  71  7:19  Robotics Bay, Probe  
  72  7:23  Stalker x4  
  72  7:28  Nexus  
  80  7:32  Observer  
  80  7:35  Probe  
  80  7:36  Probe  
  74  7:50  Stalker x3  
  74  7:51  Stalker  
  82  7:54  Probe  
  82  7:57  Pylon  
Tags
 
Add a new tag
Caveats
  • Supply blocks, unpowered buildings, or Contaminate may cause inaccurate times.
  • Supply counts are checked every 10 seconds.